 Dungeon Crawl Stone Soup version 0.25-a0-424-g80bd347ae0 (webtiles) character file.

Game seed: 13801767698468232977, levelgen mode: deterministic

1038 MisterFreud the Cleaver (level 8, 0/66 HPs)
             Began as a Hill Orc Abyssal Knight on Jan 22, 2020.
             Was an Elder of Lugonu.
             Slain by a wight
             ... wielding a cursed -1 flail
              (3 damage)
             ... on level 4 of the Dungeon on Jan 23, 2020.
             The game lasted 00:07:36 (3948 turns).

MisterFreud the Cleaver (Hill Orc Abyssal Knight)   Turns: 3948, Time: 00:07:37

Health: 0/66       AC:  9    Str: 17    XL:     8   Next: 24%
Magic:  13/13      EV:  6    Int: 12    God:    Lugonu [****..]
Gold:   205        SH:  0    Dex: 10    Spells: 7/7 levels left

rFire    . . .     SeeInvis .   s - +0 war axe
rCold    . . .     Gourm    .   (no shield)
rNeg     . . .     Faith    .   l - +0 chain mail
rPois    .         Spirit   .   (no helmet)
rElec    .         Reflect  .   (no cloak)
rCorr    .         Harm     .   (no gloves)
MR       .....                  n - +0 pair of boots
Stlth    ..........             q - amulet of rage
HPRegen  0.21/turn              (no ring)
MPRegen  0.13/turn              (no ring)

@: heavily drained
A: no striking features
a: Depart the Abyss, Bend Space, Banish, Corrupt, Renounce Religion, Evoke
Berserk Rage


You were on level 4 of the Dungeon.
You worshipped Lugonu.
Lugonu was greatly pleased with you.
You were full.

You visited 1 branch of the dungeon, and saw 4 of its levels.
You visited the Abyss 1 time.

You collected 205 gold pieces.

Inventory:

Hand Weapons
 a - a +1 hand axe
 h - a +0 hand axe of freezing
 s - a +0 war axe (weapon)
Armour
 b - a +0 leather armour
 l - a +0 chain mail (worn)
 n - a +0 pair of boots (worn)
Jewellery
 m - an uncursed amulet of the gourmand
 q - an amulet of rage (around neck)
Wands
 p - a wand of digging (6)
 v - a wand of disintegration (14)
Scrolls
 d - a scroll of teleportation
 g - 4 scrolls of remove curse
 t - 2 scrolls of immolation
Potions
 f - 2 potions of brilliance
 i - 2 potions of curing
 j - a potion of heal wounds
 k - a potion of degeneration
 o - 2 potions of invisibility
 u - a potion of might
Comestibles
 c - 6 rations


   Skills:
 + Level 4.2(1.6) Fighting
 - Level 10.2(7.1) Axes
 - Level 2.1(0.0) Armour
 - Level 0.7(0.0) Dodging
 + Level 7.0(4.2) Invocations


You had 7 spell levels left.
You didn't know any spells.
Your spell library was empty.

Dungeon Overview and Level Annotations

Branches:
Dungeon (4/15)
 Temple: D:4-7

Altars:
Ashenzari
Cheibriados
Gozag
Sif Muna
Xom

Annotations:
D:4 3 runed translucent doors, emiel's ghost, amateur FoWn


Message History

You destroy the wight!
Lugonu accepts your kill.
Your base Invocations skill increases to level 7!
You closely miss the wight. The wight barely misses you.
You hit the wight.
The wight is moderately damaged.
The wight barely misses you.
You barely miss the wight.
The wight is moderately damaged.
The wight hits you with a cursed -1 flail.
* * * LOW HITPOINT WARNING * * *
Your chain mail prevents you from hitting the wight.
The wight is moderately damaged.
The wight hits you but does no damage.
You closely miss the wight.
The wight is moderately damaged.
The wight hits you with a cursed -1 flail!
* * * LOW HITPOINT WARNING * * *
You feel drained.
You die...

## .# #####
.########
######...
.........
........#
.######## #)#
##### ##.#
....# #..#
....# #z##
....# #@# ###.#
#.# #.# ###.#
#.# #...# #.#
###<### #.#
##...# #.#
##..###
#.######..#####
#.##..........#


You could see a wight.

Vanquished Creatures
  Eustachio (D:4)
  A sky beast (D:3)
  A phantom (D:4)
  A centaur (D:3)
  3 wights (D:4)
  A bullfrog zombie (D:4)
  2 orc priests
  4 orc wizards
  Ijyb (D:4)
  Natasha (thrice) (D:3)
  Robin (D:4)
  4 adders
  An ooze (D:2)
  A worm (D:2)
  3 dart slugs
  2 leopard geckos
  10 orcs
  3 ball pythons (D:2)
  7 giant cockroaches
  19 goblins
  11 hobgoblins
  21 jackals
  3 quokkas (D:3)
  5 bats
  15 frilled lizards
  9 kobolds
  A quokka skeleton (D:4)
  10 rats
144 creatures vanquished.

Vanquished Creatures (others)
  2 fungi (D:4)
  A plant (D:4)
3 creatures vanquished.

Grand Total: 147 creatures vanquished

Notes
Turn   | Place    | Note
-------+----------+-------------------------------------------
     0 | Abyss:1  | MisterFreud the Hill Orc Abyssal Knight began the quest for
                  | the Orb.
     0 | Abyss:1  | Reached XP level 1. HP: 19/19 MP: 2/2
    31 | D:1      | Escaped the Abyss
    50 | D:1      | Reached skill level 3 in Axes
    85 | D:1      | Reached XP level 2. HP: 22/26 MP: 3/3
   233 | D:1      | Reached skill level 4 in Axes
   498 | D:1      | Reached ** piety under Lugonu
   498 | D:1      | Reached XP level 3. HP: 31/31 MP: 4/4
   612 | D:1      | Reached skill level 5 in Axes
  1224 | D:2      | Reached XP level 4. HP: 38/39 MP: 5/5
  1274 | D:2      | Reached skill level 6 in Axes
  1456 | D:2      | Found a shimmering altar of Xom.
  1500 | D:2      | Found an opulent altar of Gozag.
  1542 | D:2      | Reached *** piety under Lugonu
  1646 | D:2      | Reached XP level 5. HP: 45/45 MP: 6/6
  1849 | D:2      | Found a shimmering blue altar of Sif Muna.
  1982 | D:3      | Noticed a centaur
  1997 | D:3      | Killed a centaur
  1997 | D:3      | Reached skill level 7 in Axes
  2254 | D:3      | Noticed a sky beast
  2270 | D:3      | Killed a sky beast
  2270 | D:3      | Reached skill level 8 in Axes
  2270 | D:3      | Reached XP level 6. HP: 35/51 MP: 8/8
  2695 | D:3      | Noticed Natasha
  2713 | D:3      | Killed Natasha
  2722 | D:3      | Noticed Natasha
  2732 | D:3      | Killed Natasha
  2794 | D:3      | Noticed Natasha
  2801 | D:3      | Killed Natasha
  2934 | D:2      | Reached XP level 7. HP: 43/57 MP: 10/10
  3012 | D:3      | Reached skill level 9 in Axes
  3156 | D:4      | Reached **** piety under Lugonu
  3159 | D:4      | Noticed Ijyb
  3193 | D:4      | Killed Ijyb
  3215 | D:4      | Noticed Robin
  3239 | D:4      | Killed Robin
  3355 | D:4      | Found a snail-covered altar of Cheibriados.
  3360 | D:4      | Noticed Eustachio
  3367 | D:3      | Reached skill level 5 in Invocations
  3445 | D:4      | Found a runed translucent gate.
  3445 | D:4      | Found a runed translucent gate.
  3445 | D:4      | Found a runed translucent gate.
  3445 | D:4      | Identified the +7 whip "Bubuep" {drain, Int+5 SInv}
  3445 | D:4      | Noticed emiel's ghost (amateur FoWn)
  3699 | D:4      | Killed Eustachio
  3699 | D:4      | Reached skill level 10 in Axes
  3801 | D:4      | Found a shattered altar of Ashenzari.
  3852 | D:4      | Reached XP level 8. HP: 55/64 MP: 12/12
  3948 | D:4      | HP: 3/66 [wight/cursed -1 flail (8)]
  3948 | D:4      | Slain by a wight

Levels and vault maps discovered:
D:1:      lightli_arrival_statuegarden, layout_basic, minmay_heptomino_o4
D:2:      layout_rooms, lemuel_blue_sif_altar,
          nicolae_gozag_cash_rules_everything_around_me,
          nicolae_overflow_crystal_walls, minmay_misc_feat_more_columns,
          grunt_ministairs_2, minmay_lizard_pond, uniq_crazy_yiuf_cottage
D:3:      layout_rooms, uniq_natasha
D:4:      layout_rooms, cheibriados_altar_1, evilmike_ruin_ashenzari,
          gammafunk_ghost_nasty_kobolds, uniq_ijyb, uniq_robin, uniq_eustachio

Skill      XL: |  1  2  3  4  5  6  7  8 |
---------------+-------------------------+-----
Axes           | 3 4 5 6 8 10 | 10.2
Invocations    | 3 4 6 7 |  7.0
Fighting       | 4 |  4.2
Armour         | |  2.1
Dodging        | |  0.7

Action                   |  1- 3 |  4- 6 |  7- 9 || total
-------------------------+-------+-------+-------++-------
Melee: Hand axe          |   125 |   256 |    85 ||   466
       War axe           |       |       |   103 ||   103
  Use: Potion            |       |     2 |       ||     2
       Scroll            |       |       |     8 ||     8
  Eat: Chunk             |    18 |     6 |       ||    24
Armor: Leather armour    |    33 |       |       ||    33
       Chain mail        |    26 |   160 |   135 ||   321
Dodge: Dodged            |    89 |    77 |    79 ||   245

Table legend:
 A = Non-vault XP
 B = Vault XP
 C = Vault XP percentage of total XP
 D = Non-vault monster count
 E = Vault monster count
 F = Vault count percentage of total count
                 A         B        C        D         E       F
            +---------+---------+-------+---------+---------+-------
      Total |    1146 |     338 |  22.8 |     117 |      27 |  18.8
            +---------+---------+-------+---------+---------+-------
        D:1 |      71 |       4 |   5.3 |      42 |       3 |   6.7
        D:2 |     121 |      25 |  17.1 |      27 |      10 |  27.0
        D:3 |     485 |      36 |   6.9 |      26 |       1 |   3.7
        D:4 |     469 |     273 |  36.8 |      22 |      13 |  37.1
            +---------+---------+-------+---------+---------+-------
